AoeStats
← MooseMooch

Arena

509441458Analyzed
1v1 RM · 5d ago on Sep 26, 2026· 49m 7s· 2 players
Game mode
Random Map
Map size
Tiny (2 player)
Population
200
Speed
Normal
Resources
Standard
Victory
Conquest
Starting age
Dark Age
Ending age
Imperial Age
RankedLock teamsTeams togetherTeam positionsShared explorationLock speedFull tech treeHidden civsTurbo modeCheats
Victory
Defeat
🇹🇷 Lithuanians · Türkiye
1232
+16
🇩🇪 Khmer · Germany
1222
-16
MooseMooch
10:28 Feudal Age
13:16 Castle Age
11:48 Double-Bit Axe
12:37 Horse Collar
14:03 Husbandry
14:08 Light Cavalry
19:16 Bow Saw
26:46 Imperial Age
24:39 Heavy Plow
26:09 Wheelbarrow
25:24 Loom
25:52 Gold Mining
25:38 Crossbowman
26:32 Stone Mining
27:08 Fletching
27:45 Bodkin Arrow
27:13 Arbalester
28:33 Bracer
29:08 Padded Archer Armor
31:20 Chemistry
30:52 Leather Archer Armor
31:00 Ballistics
31:10 Conscription
32:09 Ring Archer Armor
31:58 Bloodlines
32:57 Scale Barding Armor
33:03 Forging
34:11 Chain Barding Armor
34:24 Hussar
36:09 Plate Barding Armor
37:05 Iron Casting
38:29 Scale Mail Armor
39:32 Blast Furnace
44:14 Cavalier
46:41 Masonry
ormtmc
10:05 Feudal Age
14:20 Castle Age
13:20 Double-Bit Axe
13:17 Horse Collar
20:12 Bow Saw
21:11 Wheelbarrow
21:22 Gold Mining
21:22 Stone Mining
23:48 Forging
23:45 Scale Barding Armor
24:17 Hand Cart
25:15 Town Watch
27:00 Stone Shaft Mining
28:02 Iron Casting
27:47 Chain Barding Armor
27:52 Bloodlines
27:43 Husbandry
27:14 Light Cavalry
31:03 Loom
33:53 Imperial Age
34:11 Hill Forts
36:59 Imperial Age
37:45 Tower Shields
38:06 Conscription
37:09 Winged Hussar
38:27 Plate Barding Armor
38:07 Cavalier
44:40 Heavy Plow
45:08 Fletching
47:13 Bodkin Arrow
Connection lost

Rejoining the realm…

Still unreachable

The connection could not be restored.

Session expired

The server has moved on; the page needs a fresh start.